 Dungeon Crawl Stone Soup version 0.14-a0-2881-g20de702 (webtiles) character file.

84940 JEFFREY the Tortoise (level 16, -6/129 HPs)
             Began as a Formicid Fighter on Feb 28, 2014.
             Was the Champion of Okawaru.
             Mangled by a harpy (12 damage)
             ... on Level 1 of the Shoals.
             The game lasted 03:19:13 (27827 turns).

JEFFREY the Tortoise (Formicid Fighter)            Turns: 27827, Time: 03:19:13

HP  -6/129       AC 27     Str 29      XL: 16   Next: 22%
MP  28/28        EV 13     Int  5 (7)  God: Okawaru [******]
Gold 2090        SH 35     Dex 15      Spells:  2 memorised, 18 levels left

rFire  + . .     SeeInvis +     F - +6,+8 war axe of Crusades {flame, rPois rC+ Str-5}
rCold  + . .     Clarity  .     E - +4 ring mail "Wythriel" {Str+5 Dex+2}
rNeg   + . .     Conserve .     b - +2 shield {AC+3}
rPois  +         rCorr    .     (helmet unavailable)
rElec  .         rRot     .     n - +2 cloak {+Inv}
SustAb . .       Spirit   .     L - +2 pair of gloves {Str+3}
rMut   .         Warding  +     w - +0 pair of boots
Saprov . . .     Stasis   +     j - amulet of warding
MR     +....                    Q - ring of sustenance
                                S - ring of protection from fire

@: heroism, somewhat resistant to hostile enchantments, stealthy
A: permanent stasis, dig shafts and tunnels, four strong arms, poison weakness,
antennae 3, exoskeleton 1
a: Dig, Shaft Self, Heroism, Renounce Religion, Evoke Invisibility


You were on level 1 of the Shoals.
You worshipped Okawaru.
Okawaru was exalted by your worship.
You were full.

You visited 6 branches of the dungeon, and saw 29 of its levels.
You also visited: Labyrinth and Sewer.

You collected 2811 gold pieces.
You spent 721 gold pieces at shops.

Inventory:

Hand weapons
 y - a +1,+0 demon trident of electrocution
 B - a +4,+3 vampiric trident
 F - the +6,+8 war axe of Crusades (weapon) {flame, rPois rC+ Str-5}
   (You found it on level 8 of the Dungeon)

   It emits flame when wielded, causing extra injury to most foes and up to
   double damage against particularly susceptible opponents.
   Big, fiery blades are also staple armaments of hydra-hunters.
   It affects your strength (-5).
   It protects you from cold.
   It protects you from poison.
Missiles
 G - 3 throwing nets (quivered)
Armour
 b - a +2 shield of protection (worn)
 n - a +2 cloak of darkness (worn)
 t - the +3 chain mail of Love and Death {rF+}
   (You found it on level 8 of the Lair of Beasts)

   It protects you from fire.
 w - a +0 pair of boots (worn)
 E - the +4 ring mail "Wythriel" (worn) {Str+5 Dex+2}
   (Okawaru gifted it to you on level 7 of the Lair of Beasts)

   It affects your strength (+5).
   It affects your dexterity (+2).
 L - a +2 pair of gloves of strength (worn)
Magical devices
 e - a wand of fire (7)
 f - a wand of cold (0)
 H - a wand of flame (5)
 J - a wand of cold (4)
 M - a wand of cold (5)
Comestibles
 d - 5 bread rations
 s - 9 meat rations
Scrolls
 c - a scroll of recharging
 g - a scroll of enchant weapon I
 k - 3 scrolls of immolation
 l - 5 scrolls of identify
 m - 5 scrolls of fog
 p - 9 scrolls of remove curse
 u - a scroll of summoning
 I - a scroll of holy word
 O - 2 scrolls of fear
Jewellery
 h - the ring "Nygro Tefa" {+Inv Str+2}
   (You took it off a red devil on level 8 of the Lair of Beasts)

   [ring of invisibility]

   It affects your strength (+2).
 j - an amulet of warding (around neck)
 Q - a ring of sustenance (right hand)
 S - a ring of protection from fire (left hand)
 V - an uncursed ring of protection from magic
 Z - an uncursed ring of sustain abilities
Potions
 a - 2 potions of flight
 i - 2 potions of might
 o - a potion of agility {unknown}
 q - a potion of beneficial mutation {unknown}
 v - a potion of mutation {unknown}
 x - a potion of restore abilities
 z - a potion of lignification
 A - a potion of magic
 C - a potion of invisibility {unknown}
 D - 2 potions of brilliance
 T - 2 potions of strong poison {unknown}


   Skills:
 + Level 12.7(17.7) Fighting
 + Level 12.5(17.5) Axes
 - Level 7.9(12.9) Polearms
 + Level 15.1(20.1) Armour
 + Level 13.1(18.1) Shields
 - Level 3.0 Spellcasting
 - Level 3.5 Hexes
 - Level 5.8 Invocations
 - Level 9.0 Evocations


You had 18 spell levels left.
You knew the following spells:

 Your Spells              Type           Power        Failure   Level  Hunger
a - Corona                Hex            #......      12%         1    ##.....
b - Slow                  Hex            #.......     17%         2    ###....


Dungeon Overview and Level Annotations

Branches:
Dungeon (14/16)            Temple (1/1) D:6             Orc (4/4) D:11
    Elf (0/3) Orc:4          Lair (8/8) D:11         Shoals (1/5) Lair:3
  Snake (1/5) Lair:5       Vaults (0/5) D:14
  Slime: Lair:6-8

Altars:
Ashenzari
Cheibriados
Dithmenos
Elyvilon
Fedhas
Kikubaaqudgha
Makhleb
Nemelex Xobeh
Okawaru
Sif Muna
Trog
Vehumet
Xom
Yredelemnul
Zin
The Shining One

Shops:
D:4 ?   Orc:3 *   Orc:4 ([*:

Portals:
Hell: Lair:8

Annotations:
Lair:8 exclusion: 3 oklob plants


Innate Abilities, Weirdness & Mutations

Your are under a permanent stasis effect.
You can dig through walls and to a lower floor.
Your four strong arms can wield any weapon, most with a shield.
You have a pair of large antennae on your head (SInv).
Your body is surrounded by an exoskeleton. (AC +1)


Message History

Evoke which item? (* to show all) (? for menu, Esc to quit)
Zapping:
f - a wand of cold {zapped: 2}
Press: ? - help, Shift-Dir - straight line, f - harpy
Aim: a harpy (severely wounded)
The bolt of cold hits the harpy.
You kill the harpy!
Okawaru accepts your kill.
Your skill with magical items lets you calculate the power of this device...
This wand has 1 charge left.
You block the harpy's attack. You block the harpy's attack.
The harpy claws you but does no damage.
Evoke which item? (* to show all) (? for menu, Esc to quit)
Zapping:
f - a wand of cold (1)
Press: ? - help, Shift-Dir - straight line, f - harpy
Aim: a harpy (moderately wounded)
The bolt of cold hits the harpy.
You kill the harpy!
Okawaru accepts your kill.
This wand has 0 charges left.
The harpy claws you!
You die...

..≈≈≈≈≈≈≈≈≈≈≈≈≈.)..#
≈≈(≈≈≈≈≈≈≈≈≈≈≈≈...##
≈≈≈≈≈≈≈≈
≈≈≈≈≈....######..≈
≈≈≈≈≈
≈≈§≈≈≈...........≈ ≈
≈≈≈≈§.....≈....≈≈≈≈
≈≈≈≈.....≈≈..≈≈≈≈≈
≈≈≈.?.%.....≈≈≈≈≈.
≈≈≈.......###≈≈...
≈≈..###.@###..≈≈. ..
#.)H...≈≈≈≈
#...≈..≈≈≈≈
#.≈..≈≈≈≈≈≈
#.≈≈≈≈≈≈≈≈
...≈≈≈≈.≈≈
.....≈≈≈≈≈≈
......≈≈≈≈≈
≈...≈..≈≈≈≈


You could see a harpy.

Vanquished Creatures
  Frances (D:14)
  2 orc warlords
  A dire elephant (Lair:8)
  Snorg (D:14)
  A minotaur (Lab)
  A vault guard (D:14)
  Harold (D:12)
  9 hydras
  An anaconda (Snake:1)
  A naga sharpshooter (Snake:1)
  4 orc high priests (Orc:4)
  2 centaur warriors
  2 catoblepae
  A hell beast (Lair:8)
  A sea snake (Shoals:1)
  2 unseen horrors (D:11)
  3 hill giants
  4 orc knights
  4 harpies (Shoals:1)
  A necromancer (D:10)
  3 griffons
  5 orc sorcerers
  4 wizards
  3 cyclopes
  A mana viper (Snake:1)
  An elephant (Lair:8)
  8 black mambas
  An orange demon (Lair:8)
  A queen ant (Lair:1)
  10 spiny frogs
  The ghost of ciphuk the Chiller, an experienced MfIE (D:6)
  A naga mage (Snake:1)
  A mermaid (Shoals:1)
  7 komodo dragons
  2 fire drakes
  2 red devils (Lair:8)
  A hellwing (Lair:8)
  3 merfolk (Shoals:1)
  A two-headed ogre (D:13)
  A hydra zombie (D:11)
  7 trolls
  7 blue devils
  19 blink frogs
  A boulder beetle (Lair:8)
  A shadow (D:12)
  A wraith (D:13)
  A basilisk (Lair:8)
  12 hippogriffs
  5 vampire mosquitoes
  19 yaks
  Eustachio (D:7)
  An elephant slug (Lair:8)
  A chaos spawn (Orc:4)
  21 humans (D:14)
  6 wolves
  2 hungry ghosts
  A steam dragon (Lair:8)
  A wyvern (Lair:8)
  A hill giant skeleton (D:11)
  8 swamp worms (Lair:2)
  A naga (Snake:1)
  6 sharks
  Menkaure (D:4)
  A hell hound (Lair:8)
  7 soldier ants
  2 sky beasts (D:9)
  A necrophage (D:8)
  41 orc warriors
  2 phantoms
  9 ogres
  An ice beast (D:7)
  16 porcupines
  A yellow wasp (D:9)
  5 centaurs
  2 giant goldfish (Lair:3)
  A boring beetle (Lair:8)
  Duvessa (D:7)
  10 wargs
  14 giant slugs
  A gnoll sergeant (D:7)
  11 crocodiles
  Blork the orc (D:13)
  15 giant frogs
  A cyclops zombie (D:9)
  2 brain worms
  17 water moccasins
  2 electric eels
  6 killer bees (D:13)
  A yak skeleton (D:10)
  3 wights (D:10)
  Dowan (D:7)
  9 crimson imps
  A yellow wasp zombie (D:10)
  A giant frog skeleton (D:4)
  A goliath beetle (Lair:5)
  2 quasits
  33 orc priests
  A jelly (D:5)
  10 iguanas
  4 big fish
  45 orc wizards
  11 hounds
  33 worker ants
  Natasha (thrice) (D:5)
  7 grizzly bear simulacra (D:10)
  5 scorpions
  An ogre zombie (D:9)
  17 sheep (Lair:5)
  Ijyb (D:4)
  6 orc zombies
  30 adders
  14 gnolls
  A hound simulacrum (D:10)
  A giant mite (Sewer)
  60 green rats
  An inept item mimic (D:7)
  2 orc skeletons
  13 worms
  2 giant eyeballs
  2 sheep simulacra (D:10)
  5 giant geckos
  An ooze (D:4)
  206 orcs
  A bat zombie (D:4)
  14 giant cockroaches
  19 hobgoblins
  24 jackals
  8 kobolds
  2 ball pythons
  A ball python skeleton (D:4)
  15 bats
  9 giant newts
  2 giant spores
  28 goblins
  A hobgoblin skeleton (D:7)
  A kobold skeleton (D:5)
  10 quokkas
  23 rats
  A rat simulacrum (D:10)
  A rat skeleton (D:4)
  4 ballistomycetes
  7 fungi
  2 plants
1101 creatures vanquished.

Vanquished Creatures (others)
  A big fish (D:11)
  An orc (D:12)
  6 fungi (Lair:8)
  A plant (Lair:3)
9 creatures vanquished.

Grand Total: 1110 creatures vanquished

Notes
Turn   | Place    | Note
--------------------------------------------------------------
     0 | D:1      | JEFFREY, the Formicid Fighter, began the quest for the Orb.
     0 | D:1      | Reached XP level 1. HP: 18/18 MP: 1/1
   339 | D:1      | Reached XP level 2. HP: 20/24 MP: 2/2
   867 | D:2      | Reached XP level 3. HP: 29/29 MP: 3/3
  1189 | D:2      | Reached skill level 4 in Polearms
  1189 | D:2      | Reached XP level 4. HP: 21/35 MP: 4/4
  1494 | D:3      | Found a sparkling altar of Nemelex Xobeh.
  1971 | D:4      | Found Vucab's Magic Scroll Emporium.
  1983 | D:4      | Reached skill level 5 in Polearms
  1983 | D:4      | Reached XP level 5. HP: 14/41 MP: 5/5
  1993 | D:4      | Bought a scroll of enchant weapon I for 45 gold pieces
  2114 | D:4      | Found a glowing drain.
  2123 | D:4      | Reached XP level 6. HP: 47/47 MP: 6/6
  2171 | Sewer    | Entered a sewer
  2489 | Sewer    | Reached XP level 7. HP: 13/53 MP: 7/7
  2656 | D:4      | Noticed a centaur
  2665 | D:4      | Killed a centaur
  2665 | D:4      | Reached skill level 5 in Armour
  2773 | D:4      | Noticed Menkaure
  2785 | D:4      | Killed Menkaure
  3204 | D:4      | Noticed Ijyb
  3210 | D:4      | Killed Ijyb
  3390 | D:4      | Reached skill level 6 in Polearms
  3530 | D:4      | Reached XP level 8. HP: 60/60 MP: 8/8
  3618 | D:5      | Entered Level 5 of the Dungeon
  3664 | D:5      | Found a snail-covered altar of Cheibriados.
  3730 | D:5      | Noticed Natasha
  3746 | D:5      | Killed Natasha
  3764 | D:5      | Reached skill level 5 in Shields
  3958 | D:5      | Noticed Natasha
  3967 | D:5      | Killed Natasha
  4100 | D:5      | Reached skill level 5 in Fighting
  4141 | D:5      | Noticed Natasha
  4147 | D:5      | Killed Natasha
  4285 | D:6      | Found a blossoming altar of Fedhas.
  4331 | D:6      | Reached XP level 9. HP: 63/68 MP: 9/9
  4337 | D:6      | Noticed ciphuk's ghost (experienced MfIE)
  4344 | D:6      | Killed ciphuk's ghost
  4344 | D:6      | Reached skill level 7 in Polearms
  4542 | D:6      | Found a staircase to the Ecumenical Temple.
  4548 | Temple   | Entered the Ecumenical Temple
  4601 | Temple   | Became a worshipper of Warmaster Okawaru
  4831 | D:7      | Found a basalt altar of Yredelemnul.
  4974 | D:7      | Reached skill level 1 in Invocations
  5040 | D:7      | Found a shadowy altar of Dithmenos.
  5460 | D:7      | Noticed Eustachio
  5486 | D:7      | Killed Eustachio
  5486 | D:7      | Acquired Okawaru's first power
  5528 | D:7      | Reached skill level 8 in Armour
  5602 | D:7      | Noticed Duvessa
  5604 | D:7      | Noticed Dowan
  5616 | D:7      | Killed Duvessa
  5631 | D:7      | Killed Dowan
  5695 | D:8      | Reached XP level 10. HP: 52/77 MP: 13/13
  6094 | D:8      | Got a fine war axe
  6095 | D:8      | Identified the +6,+8 war axe of Crusades {flame, rPois rC+ Str-5} (You found it on level 8 of the Dungeon)
  6173 | D:8      | Reached skill level 1 in Axes
  6506 | D:9      | Found a glowing silver altar of Zin.
  6533 | D:9      | Reached skill level 9 in Armour
  6632 | D:9      | HP: 2/79 [ogre/giant club (18)]
  7194 | D:9      | Found a bloodstained altar of Trog.
  7323 | D:10     | Entered Level 10 of the Dungeon
  7487 | D:10     | Noticed a necromancer
  7492 | D:10     | Killed a necromancer
  7492 | D:10     | Reached skill level 5 in Axes
  7518 | D:10     | Reached skill level 1 in Evocations
  7666 | D:10     | Noticed a hill giant
  7678 | D:10     | Killed a hill giant
  7678 | D:10     | Reached XP level 11. HP: 59/86 MP: 11/14
  7879 | D:10     | Got a shimmering leather armour
  7897 | D:10     | Identified the +2 leather armour of Wadig {+Rage rPois Stlth--} (You found it on level 10 of the Dungeon)
  8173 | D:11     | Noticed an unseen horror
  8187 | D:11     | Killed an unseen horror
  8348 | D:11     | Noticed a five-headed hydra
  8366 | D:11     | Killed a one-headed hydra
  8366 | D:11     | Reached skill level 10 in Armour
  8474 | D:11     | Noticed a cyclops
  8483 | D:11     | Killed a cyclops
  8623 | D:11     | Found a white marble altar of Elyvilon.
  8830 | D:11     | Found a staircase to the Lair.
  8850 | D:11     | Noticed an unseen horror
  9049 | D:11     | Found a staircase to the Orcish Mines.
  9506 | D:4      | Bought a scroll of acquirement for 676 gold pieces
  9824 | D:11     | Killed an unseen horror
  9971 | Lair:1   | Entered Level 1 of the Lair of Beasts
 10165 | Lair:1   | Noticed a seven-headed hydra
 10178 | Lair:1   | Killed a one-headed hydra
 10178 | Lair:1   | Acquired Okawaru's second power
 10178 | Lair:1   | Reached skill level 5 in Evocations
 10422 | Lair:1   | Reached XP level 12. HP: 92/94 MP: 20/20
 10458 | Lair:1   | Received a gift from Okawaru
 10886 | Lair:1   | Reached skill level 11 in Armour
 11846 | Lair:2   | Reached skill level 10 in Shields
 11907 | Lair:2   | Found a labyrinth entrance.
 11917 | Lab      | Entered a labyrinth
 12646 | Lab      | Noticed a minotaur
 12652 | Lab      | Killed a minotaur
 13306 | Lair:2   | Reached skill level 5 in Invocations
 13489 | Lair:2   | Received a gift from Okawaru
 13701 | Lair:3   | Found a staircase to the Shoals.
 13744 | Lair:3   | Noticed a seven-headed hydra
 13760 | Lair:3   | Killed a one-headed hydra
 13760 | Lair:3   | Reached skill level 10 in Fighting
 13760 | Lair:3   | Reached XP level 13. HP: 43/103 MP: 22/22
 14669 | Lair:4   | Reached skill level 12 in Armour
 14874 | Lair:4   | Received a gift from Okawaru
 15572 | Lair:5   | Found a staircase to the Snake Pit.
 15646 | Lair:5   | Reached skill level 10 in Axes
 15926 | Lair:5   | Received a gift from Okawaru
 17690 | Lair:7   | Reached skill level 13 in Armour
 17715 | Lair:7   | Received a gift from Okawaru
 17718 | Lair:7   | Got a polished ring mail {god gift}
 17733 | Lair:7   | Identified the +4 ring mail "Wythriel" {Str+5 Dex+2} (Okawaru gifted it to you on level 7 of the Lair of Beasts)
 17999 | Lair:8   | Entered Level 8 of the Lair of Beasts
 18080 | Lair:8   | Reached XP level 14. HP: 59/113 MP: 20/23
 18279 | Lair:8   | Got an encrusted chain mail
 18311 | Lair:8   | Identified the cursed +3 chain mail of Love and Death {rF+} (You found it on level 8 of the Lair of Beasts)
 18542 | Lair:8   | Learned a level 1 spell: Corona
 18674 | Lair:8   | Reached skill level 1 in Hexes
 18712 | Lair:8   | Reached skill level 1 in Spellcasting
 19459 | Lair:8   | Learned a level 2 spell: Slow
 19564 | Lair:8   | Noticed a dire elephant
 19579 | Lair:8   | Killed a dire elephant
 19624 | Lair:8   | Found a burning altar of Makhleb.
 19665 | Lair:8   | Received a gift from Okawaru
 19812 | Lair:8   | Got a sparkling glass ring
 19816 | Lair:8   | Identified the ring "Nygro Tefa" {+Inv Str+2} (You took it off a red devil on level 8 of the Lair of Beasts)
 20023 | Lair:8   | Found a gateway to Hell.
 20524 | Snake:1  | Entered Level 1 of the Snake Pit
 21106 | Orc:1    | Entered Level 1 of the Orcish Mines
 22098 | Orc:2    | Noticed an orc warlord
 22140 | Orc:2    | Killed an orc warlord
 22142 | Orc:2    | Reached XP level 15. HP: 97/120 MP: 24/24
 22180 | Orc:2    | Reached skill level 14 in Armour
 23103 | Orc:3    | Found Traled's Assorted Antiques.
 23178 | Orc:4    | Entered Level 4 of the Orcish Mines
 23480 | Orc:4    | Received a gift from Okawaru
 23483 | Orc:4    | Got a steaming chain mail {god gift}
 23513 | Orc:4    | Identified the -5 chain mail of Bihogust {Str+2 Dex+3} (Okawaru gifted it to you on level 4 of the Orcish Mines)
 23733 | Orc:4    | Found a staircase to the Elven Halls.
 23973 | Orc:4    | Noticed an orc warlord
 24005 | Orc:4    | Killed an orc warlord
 24894 | Orc:4    | Found Yluen's General Store.
 24895 | Orc:4    | Found Nuyrin's Book Shop.
 24896 | Orc:4    | Found Maextim's Antique Armour Boutique.
 24896 | Orc:4    | Found Wehata Psu's Antique Weapon Boutique.
 25437 | D:12     | Noticed Harold
 25450 | D:12     | Killed Harold
 26252 | D:13     | Noticed Blork the orc
 26258 | D:13     | Killed Blork the orc
 26262 | D:13     | Found a deep blue altar of Sif Muna.
 26402 | D:13     | Received a gift from Okawaru
 26805 | D:14     | Noticed Frances
 26822 | D:14     | Killed Frances
 27129 | D:14     | Noticed Snorg
 27147 | D:14     | Killed Snorg
 27147 | D:14     | Reached XP level 16. HP: 48/129 MP: 28/28
 27515 | D:14     | Found a gate to the Vaults.
 27529 | D:14     | Reached skill level 15 in Armour
 27730 | Shoals:1 | Entered Level 1 of the Shoals
 27822 | Shoals:1 | HP: 3/129 [merfolk/trident (18)]
 27827 | Shoals:1 | Mangled by a harpy

Action                   |  1- 3 |  4- 6 |  7- 9 | 10-12 | 13-15 | 16-18 || total
-------------------------+-------+-------+-------+-------+-------+-------++-------
Melee: Trident           |    95 |   122 |       |       |       |       ||   217
       Halberd           |       |   118 |   530 |    74 |       |       ||   722
       War axe           |       |       |       |   671 |  1547 |    51 ||  2269
       Demon trident     |       |       |       |       |     4 |       ||     4
 Cast: Corona            |       |       |       |       |     6 |       ||     6
Invok: Heroism           |       |       |       |     7 |    15 |     2 ||    24
 Abil: Dig               |       |       |     2 |     5 |    16 |       ||    23
Evoke: Wand              |       |       |       |     8 |     4 |     2 ||    14
  Use: Potion            |       |     2 |     5 |     5 |    13 |     4 ||    29
       Scroll            |       |     1 |    13 |    13 |    11 |       ||    38
 Stab: Sleeping          |       |       |       |       |     1 |       ||     1
